3177 views
Uploaded 2020-04-18 18:03:10
Game version 1.32.3
13:52 long 1on1 custom game on (4)TwistedMeadows
Game name "W3Champions-20-hyM0rhlrx2"
Saved by Dziango
3177 views
Uploaded 2020-04-18 18:03:10
Game version 1.32.3
13:52 long 1on1 custom game on (4)TwistedMeadows
Game name "W3Champions-20-hyM0rhlrx2"
22 units @ 3.7k
/ 0.6k
10 buildings @ 1.6k
/ 0.5k



| Rod of Necromancy | 3 | 450 |
| Potion of Healing | 1 | 150 |
| Orb of Corruption | 1 | 375 |
| Dust of Appearance | 1 | 75 |
| Potion of Lesser Invulnerability | 1 | 150 |
| total: | 7 | 1200g |
| Acolyte | 6 | 450 | / | 0 |
| Ghoul | 2 | 240 | / | 0 |
| Crypt Fiend | 9 | 1935 | / | 360 |
| Obsidian Statue | 4 | 800 | / | 140 |
| Abomination | 1 | 240 | / | 70 |
| total: | 22 | 3665g | / | 570w |
| Ziggurat | 5 | 750 | / | 250 |
| Altar of Darkness | 1 | 180 | / | 50 |
| Crypt | 1 | 200 | / | 50 |
| Tomb of Relics | 1 | 130 | / | 30 |
| Graveyard | 1 | 215 | / | 0 |
| Slaughterhouse | 1 | 140 | / | 135 |
| Halls of the Dead | 1 | 320 | / | 210 |
| Black Citadel | 1 | 325 | / | 230 |
| total: | 10 | 1615g | / | 515w |
| 0:02 | Acolyte |
| 0:04 | Ziggurat |
| 0:05 | Altar of Darkness |
| 0:08 | Acolyte |
| 0:33 | Crypt |
| 0:41 | Acolyte |
| 0:41 | Acolyte |
| 0:41 | Acolyte |
| 0:56 | Tomb of Relics |
| 1:16 | Graveyard |
| 1:34 | Ghoul |
| 1:43 | Ghoul |
| 2:05 | Rod of Necromancy |
| 2:08 | Death Coil |
| 2:36 | Halls of the Dead |
| 2:54 | Crypt Fiend |
| 3:03 | Ziggurat |
| 3:33 | Rod of Necromancy |
| 3:34 | Dust of Appearance |
| 3:54 | Crypt Fiend |
| 4:16 | Crypt Fiend |
| 4:37 | Unholy Aura |
| 5:19 | Black Citadel |
| 5:55 | Rod of Necromancy |
| 5:56 | Potion of Healing |
| 6:02 | Frost Armor |
| 6:13 | Slaughterhouse |
| 6:24 | Ziggurat |
| 6:48 | Burrow |
| 7:30 | Obsidian Statue |
| 7:58 | Orb of Corruption |
| 8:11 | Obsidian Statue |
| 8:32 | Crypt Fiend |
| 8:46 | Ziggurat |
| 9:14 | Crypt Fiend |
| 9:32 | Creature Attack |
| 9:38 | Frost Nova |
| 9:44 | Destroyer Form |
| 10:01 | Crypt Fiend |
| 10:24 | Death Coil |
| 10:29 | Obsidian Statue |
| 10:54 | Ziggurat |
| 11:11 | Crypt Fiend |
| 11:12 | Abomination |
| 11:17 | Frost Nova |
| 11:47 | Obsidian Statue |
| 11:48 | Crypt Fiend |
| 12:03 | Potion of Lesser Invulnerability |
| 12:18 | Howl of Terror |
| 12:22 | Crypt Fiend |
| 12:53 | Acolyte |
| 13:51 | Unholy Aura |
16 units @ 2.2k
/ 0.2k
13 buildings @ 2k
/ 0.7k



| Healing Salve | 6 | 600 |
| Potion of Healing | 1 | 150 |
| Lesser Clarity Potion | 3 | 210 |
| Scroll of Speed | 3 | 150 |
| Orb of Lightning | 1 | 375 |
| Dust of Appearance | 1 | 75 |
| Circlet of Nobility | 1 | 175 |
| Boots of Speed | 1 | 250 |
| Potion of Lesser Invulnerability | 2 | 300 |
| total: | 19 | 2285g |
| Peon | 7 | 525 | / | 0 |
| Grunt | 3 | 600 | / | 0 |
| Raider | 3 | 540 | / | 120 |
| Kodo Beast | 1 | 255 | / | 60 |
| Troll Berserker | 2 | 280 | / | 40 |
| total: | 16 | 2200g | / | 220w |
| Watch Tower | 2 | 220 | / | 160 |
| Altar of Storms | 1 | 180 | / | 50 |
| Orc Burrow | 6 | 960 | / | 240 |
| Barracks | 1 | 180 | / | 50 |
| Voodoo Lounge | 1 | 130 | / | 30 |
| War Mill | 1 | 205 | / | 0 |
| Beastiary | 1 | 145 | / | 140 |
| Stronghold | 1 | 315 | / | 190 |
| Fortress | 1 | 325 | / | 190 |
| total: | 13 | 2020g | / | 670w |
| 0:02 | Altar of Storms |
| 0:03 | Peon |
| 0:03 | Peon |
| 0:14 | Orc Burrow |
| 0:22 | Peon |
| 0:36 | Barracks |
| 0:45 | Peon |
| 0:58 | Peon |
| 1:07 | Peon |
| 1:22 | Voodoo Lounge |
| 1:37 | Grunt |
| 1:41 | Peon |
| 2:06 | Wind Walk |
| 2:26 | Circlet of Nobility |
| 2:39 | Stronghold |
| 2:45 | Orc Burrow |
| 2:59 | Orc Burrow |
| 3:02 | Healing Salve |
| 3:03 | Healing Salve |
| 3:04 | Healing Salve |
| 3:39 | Grunt |
| 4:02 | Critical Strike |
| 4:27 | Grunt |
| 4:29 | Boots of Speed |
| 5:02 | Beastiary |
| 5:04 | Fortress |
| 5:44 | Potion of Healing |
| 6:12 | Ensnare |
| 6:18 | Healing Salve |
| 6:22 | Berserker Strength |
| 6:29 | Lesser Clarity Potion |
| 6:33 | Hex |
| 6:54 | Healing Salve |
| 6:55 | Scroll of Speed |
| 7:53 | Raider |
| 7:56 | War Mill |
| 8:03 | Orc Burrow |
| 8:07 | Lesser Clarity Potion |
| 8:21 | Healing Salve |
| 8:24 | War Stomp |
| 8:27 | Scroll of Speed |
| 8:59 | Dust of Appearance |
| 9:08 | Wind Walk |
| 9:15 | Potion of Lesser Invulnerability |
| 9:26 | Raider |
| 9:31 | Berserker Upgrade |
| 9:43 | Potion of Lesser Invulnerability |
| 9:54 | Kodo Beast |
| 10:13 | Healing Wave |
| 10:35 | Troll Berserker |
| 10:35 | Troll Berserker |
| 10:47 | Orb of Lightning |
| 10:56 | Watch Tower |
| 11:34 | Endurance Aura |
| 11:42 | Raider |
| 11:51 | Watch Tower |
| 11:55 | Reinforced Defenses |
| 11:58 | Lesser Clarity Potion |
| 11:59 | Scroll of Speed |
| 12:54 | War Drums Damage Increase |
| 12:57 | Orc Burrow |
| 12:59 | Orc Burrow |